Map: King's Cove LE

Players

TheLightMan - Winner!

  • Race: Terran Terran
  • League: Platinum
  • Spawn Location: 5:00

Norpix

  • Race: Zerg Zerg
  • League: Platinum
  • Spawn Location: 11:00

VOD

Have the link to the VOD?

Description

Time

  • Played on: April 6, 2019, 11:18 a.m.
  • Length: 20:34
Show
View Real Time Build Order
Export as new Build Order

TheLightMan Terran - Winner!

Build Orders:  

Get SALT Encoding   

  12  0:01  SCV  
  13  0:13  SCV  
  14  0:18  Supply Depot  
  14  0:25  SCV  
  15  0:29  Refinery  
  15  0:40  SCV  
  16  0:47  Barracks  
  16  0:52  SCV  
  17  1:04  SCV  
  17  1:10  Refinery  
  18  1:16  SCV  
  19  1:28  SCV  
  20  1:34  Reaper  
  21  1:41  Orbital Command  
  21  2:01  Command Center  
  21  2:06  Barracks Reactor  
  21  2:16  Factory  
  21  2:25  Supply Depot  
  21  2:28  SCV  
  22  2:40  SCV  
  23  2:52  SCV  
  24  3:03  Barracks Tech Lab  
  24  3:04  SCV, Supply Depot  
  25  3:05  Factory  
  25  3:07  Hellion  
  25  3:12  Hellion  
  29  3:21  Orbital Command  
  29  3:26  Supply Depot  
  29  3:28  SCV  
  30  3:39  Hellion  
  30  3:40  SCV  
  33  3:42  Hellion  
  33  3:48  SCV  
  36  3:52  SCV  
  36  3:54  Barracks Tech Lab  
  37  3:59  Starport  
  37  4:00  SCV  
  38  4:04  SCV  
  41  4:10  Hellion x2  
  41  4:12  SCV  
  41  4:14  Marine  
  45  4:18  Siege Tank  
  45  4:21  SCV  
  49  4:29  SCV  
  50  4:33  Refinery, SCV  
  50  4:35  Refinery  
  51  4:39  Supply Depot  
  51  4:43  Starport Tech Lab  
  51  4:48  SCV x2  
  53  4:57  Command Center  
  53  5:00  SCV  
  53  5:02  Fusion Core  
  54  5:09  Siege Tank  
  57  5:14  Supply Depot  
  57  5:21  SCV x2  
  59  5:28  Banshee  
  59  5:33  SCV x2  
  64  5:40  Supply Depot  
  64  5:41  Siege Tank  
  67  5:45  SCV  
  67  5:46  SCV  
  67  5:47  Engineering Bay  
  69  5:58  SCV x2  
  69  6:01  Supply Depot  
  69  6:02  Supply Depot  
  71  6:08  Siege Tank  
  71  6:10  SCV  
  75  6:12  Cloaking Field  
  75  6:24  Supply Depot  
  75  6:29  Orbital Command  
  75  6:33  Starport  
  75  6:35  SCV  
  75  6:37  SCV  
  75  6:38  Starport  
  77  6:48  SCV  
  77  6:49  SCV  
  77  6:53  Viking  
  81  7:16  Orbital Command  
  81  7:17  Missile Turret  
  81  7:20  Siege Tank x2  
  87  7:28  Supply Depot  
  84  7:32  Starport Tech Lab x2  
  84  7:37  Starport  
  84  7:39  Starport, Missile Turret  
  84  7:40  SCV x2  
  92  7:51  Battlecruiser  
  92  7:52  SCV  
  92  7:58  Missile Turret  
  93  8:04  Sensor Tower  
  93  8:08  Missile Turret  
  93  8:10  Battlecruiser x2  
  105  8:13  Refinery  
  105  8:14  Refinery  
  105  8:17  SCV  
  105  8:18  SCV x2, Starport Tech Lab  
  105  8:19  Starport Tech Lab  
  108  8:24  Armory  
  108  8:31  Armory  
  107  8:38  SCV x3  
  110  8:44  Sensor Tower  
  110  8:52  SCV x2  
  112  8:57  Battlecruiser  
  118  9:07  Missile Turret  
  118  9:08  SCV x3  
  121  9:10  Command Center  
  121  9:19  Supply Depot  
  121  9:20  SCV x3  
  121  9:22  Supply Depot x2  
  124  9:38  Battlecruiser  
  130  9:41  Battlecruiser  
  130  9:43  Terran Vehicle And Ship Armor Level 1  
  130  9:45  Command Center  
  136  9:49  Armory  
  136  9:55  Supply Depot  
  136  9:56  Supply Depot x2  
  136  9:57  SCV x3  
  139  10:09  SCV x3  
  142  10:21  SCV x2  
  142  10:22  SCV  
  145  10:33  SCV  
  145  10:34  SCV x2  
  148  10:38  Battlecruiser x2  
  148  10:41  Terran Vehicle Weapons Level 1  
  148  10:42  Terran Ship Weapons Level 1  
  160  10:43  Refinery  
  160  10:45  SCV  
  160  10:48  Refinery, Missile Turret  
  161  10:58  Planetary Fortress  
  161  11:00  SCV x2  
  161  11:12  Battlecruiser  
  167  11:19  Sensor Tower  
  167  11:24  Battlecruiser  
  173  11:36  Weapon Refit  
  173  11:37  Supply Depot  
  173  11:38  Supply Depot  
  147  12:00  SCV x3  
  141  12:03  Missile Turret  
  141  12:04  Planetary Fortress  
  138  12:12  SCV x2  
  140  12:24  Missile Turret  
  134  12:44  Missile Turret  
  117  12:45  Battlecruiser  
  117  12:46  Battlecruiser x2  
  117  13:00  Battlecruiser  
  117  13:03  Missile Turret  
  117  13:04  SCV x3  
  126  13:08  Command Center  
  126  13:10  Command Center  
  114  13:23  Missile Turret  
  114  13:24  SCV x2  
  114  13:26  Refinery x2, SCV x2  
  112  13:32  Thor x2  
  124  13:36  SCV x2  
  124  13:37  Smart Servos  
  124  13:38  SCV x2  
  124  13:39  Terran Vehicle Weapons Level 2, Terran Ship Weapons Level 2  
  128  13:48  SCV x2  
  130  13:57  Battlecruiser  
  130  14:00  Viking  
  138  14:08  Command Center  
  138  14:14  Battlecruiser  
  144  14:27  SCV x2  
  144  14:28  SCV x2  
  144  14:30  Orbital Command  
  148  14:35  Missile Turret  
  148  14:39  Planetary Fortress  
  148  14:46  Battlecruiser  
  148  14:47  Battlecruiser  
  148  14:50  Refinery  
  160  15:05  SCV  
  161  15:17  Battlecruiser x2  
  161  15:19  Command Center  
  173  15:22  Terran Vehicle And Ship Armor Level 2  
  173  15:58  Sensor Tower  
  173  16:07  Battlecruiser  
  173  16:08  Battlecruiser, Command Center  
  185  16:19  Sensor Tower  
  185  16:29  Sensor Tower  
  179  16:43  Hellion x2  
  158  17:04  Hellion  
  158  17:05  SCV  
  158  17:06  SCV x5  
  166  17:17  Planetary Fortress  
  166  17:18  SCV x2  
  166  17:20  Missile Turret  
  167  17:29  Battlecruiser  
  185  17:30  Battlecruiser x4  
  197  17:41  Missile Turret  
  179  18:01  Missile Turret  
  171  18:21  Missile Turret  
  152  18:45  SCV x7  
  156  18:57  SCV x4  
  158  19:07  Command Center  
  157  19:11  Planetary Fortress  
  175  19:42  SCV x6  
  181  19:48  Refinery  
  181  19:54  SCV  
  181  19:57  Refinery  
Show
View Real Time Build Order
Export as new Build Order

Norpix Zerg 

Build Orders: Hatch First, Brood Lord Corruptor, Swarm Host 

Get SALT Encoding   

  12  0:01  Drone  
  13  0:13  Overlord  
  13  0:18  Drone  
  14  0:31  Drone x2  
  16  0:36  Drone  
  17  0:56  Hatchery  
  16  0:57  Drone  
  16  1:01  Drone  
  18  1:13  Extractor  
  18  1:17  Spawning Pool  
  16  1:20  Drone  
  16  1:24  Drone  
  18  1:30  Drone  
  20  1:40  Drone  
  20  1:50  Overlord  
  20  2:09  Queen  
  20  2:10  Queen  
  20  2:11  Zergling x4  
  20  2:13  Drone  
  27  2:17  Metabolic Boost  
  27  2:20  Drone  
  28  2:27  Drone  
  29  2:31  Drone  
  30  2:40  Overlord  
  30  2:54  Queen  
  30  2:55  Drone x2  
  30  2:56  Drone  
  30  2:57  Drone  
  36  3:01  Baneling Nest  
  35  3:08  Drone  
  35  3:09  Drone  
  37  3:15  Lair  
  37  3:17  Drone x2  
  39  3:23  Overlord  
  39  3:29  Drone  
  39  3:30  Drone x3  
  39  3:32  Drone  
  44  3:45  Drone x3  
  44  3:48  Extractor x2  
  45  4:02  Roach Warren  
  44  4:04  Evolution Chamber  
  43  4:16  Overlord x2  
  43  4:26  Overlord  
  43  4:31  Drone  
  43  4:35  Hatchery  
  43  4:45  Roach x9  
  61  4:48  Baneling  
  61  4:49  Baneling  
  61  4:51  Drone  
  62  5:08  Zerg Missile Weapons Level 1  
  62  5:09  Overlord  
  62  5:20  Drone  
  62  5:21  Drone x4  
  67  5:26  Centrifical Hooks  
  67  5:31  Drone x7  
  74  5:42  Overlord x2  
  74  5:52  Drone  
  74  5:53  Spire  
  74  5:54  Drone x2  
  76  5:57  Extractor, Queen  
  77  6:10  Overseer  
  77  6:11  Overseer  
  77  6:15  Overlord x2  
  77  6:20  Drone x2  
  79  6:27  Infestation Pit  
  78  6:41  Overlord  
  78  6:42  Overlord  
  78  6:45  Evolution Chamber  
  77  6:47  Hatchery  
  74  7:02  Overseer, Spore Crawler  
  74  7:06  Spore Crawler  
  70  7:13  Drone x9  
  70  7:14  Drone x2  
  79  7:23  Zerg Flyer Weapons Level 1  
  79  7:27  Spire  
  78  7:30  Spore Crawler  
  78  7:31  Drone x2  
  78  7:33  Drone x2  
  78  7:34  Hive  
  81  7:38  Corruptor x4  
  89  7:48  Drone  
  89  7:49  Drone x3  
  93  7:54  Roach x5  
  103  8:00  Glial Reconstitution  
  103  8:08  Drone x7  
  110  8:13  Extractor  
  110  8:14  Extractor  
  108  8:22  Corruptor x2  
  111  8:35  Corruptor x2  
  115  9:00  Hatchery  
  115  9:01  Corruptor x3  
  120  9:08  Greater Spire  
  120  9:11  Zergling x2  
  120  9:12  Zergling x12  
  127  9:19  Overlord x6  
  127  9:20  Overlord  
  127  9:24  Adrenal Glands  
  127  9:41  Zerg Melee Weapons Level 1  
  127  9:42  Zerg Ground Armor Level 1  
  127  9:45  Zerg Flyer Weapons Level 2  
  127  9:50  Overseer  
  127  9:51  Overseer  
  127  9:57  Pneumatized Carapace  
  127  9:58  Overlord x2  
  127  9:59  Overlord x4  
  127  10:01  Drone x2  
  127  10:02  Drone x8  
  137  10:11  Overlord x3  
  137  10:26  Extractor  
  136  10:30  Extractor  
  136  10:32  Brood Lord x3  
  136  10:34  Brood Lord  
  143  10:39  Zergling x32  
  143  10:40  Zergling x2  
  160  10:52  Drone  
  160  10:53  Overlord  
  160  10:54  Overlord x2  
  160  10:55  Drone x3  
  164  11:08  Zergling x18  
  164  11:09  Zergling x6  
  176  11:12  Brood Lord x2  
  179  11:45  Hatchery  
  145  11:48  Corruptor x7  
  145  11:52  Corruptor  
  132  11:56  Hatchery  
  132  11:57  Zergling x8  
  132  11:58  Zergling x2  
  100  12:09  Corruptor x3  
  104  12:27  Spore Crawler x3  
  104  12:28  Spore Crawler x2  
  104  12:29  Spore Crawler  
  93  12:30  Corruptor  
  93  12:31  Spore Crawler x2  
  77  13:12  Drone x2  
  79  13:13  Drone x4  
  79  13:19  Spire  
  82  13:21  Spire  
  81  13:31  Swarm Host x3  
  81  13:32  Swarm Host x6  
  108  13:38  Nydus Network  
  107  13:42  Drone  
  107  13:45  Drone  
  107  13:46  Drone x6  
  107  13:47  Drone x2  
  118  13:48  Drone  
  118  13:51  Zerg Ground Armor Level 2, Zerg Melee Weapons Level 2  
  118  13:56  Ultralisk Cavern  
  117  14:22  Overseer  
  117  14:37  Greater Spire  
  117  14:38  Zerg Flyer Weapons Level 3  
  117  14:40  Corruptor x2  
  117  14:41  Corruptor x6  
  133  15:15  Nydus Canal  
  133  15:20  Chitinous Plating  
  133  15:46  Ultralisk x5  
  163  15:51  Zergling x4  
  163  15:52  Zergling x44  
  163  15:53  Zergling x2  
  185  16:33  Corruptor x8  
  185  16:34  Corruptor  
  185  16:39  Anabolic Synthesis  
  174  16:53  Corruptor x4  
  157  17:04  Corruptor x2  
  157  17:05  Corruptor  
  143  17:21  Corruptor x3  
  149  17:36  Corruptor  
  149  17:38  Zergling x2  
  149  17:39  Zergling x48  
  145  18:03  Corruptor x5  
  123  18:16  Nydus Canal  
  105  18:21  Corruptor x2  
  92  18:29  Zergling x2  
  92  18:30  Zergling x28  
  82  19:13  Hydralisk Den  
  77  19:32  Hatchery  
  77  19:36  Overseer  
  76  19:42  Hydralisk  
  76  19:43  Hydralisk x10  
  98  19:57  Spore Crawler x2  
  96  20:00  Spore Crawler x2  
Tags
 
Add a new tag
Caveats
  • Supply blocks, unpowered buildings, or Contaminate may cause inaccurate times.
  • Supply counts are checked every 10 seconds.